 Dungeon Crawl Stone Soup version 0.24-a0-584-g9d6b971ae4 (webtiles) character file.

Game seed: 8961456921816379598, levelgen mode: deterministic

1071 Arang the Chopper (level 8, -4/60 HPs)
             Began as a Demonspawn Gladiator on Sept 5, 2019.
             Was a Believer of Makhleb.
             Slain by an ogre
             ... wielding a +0 giant club
              (25 damage)
             ... on level 7 of the Dungeon.
             The game lasted 00:13:19 (6188 turns).

Arang the Chopper (Demonspawn Gladiator)            Turns: 6188, Time: 00:13:19

Health: -4/60      AC: 13    Str: 17    XL:     8   Next: 7%
Magic:  8/8        EV:  5    Int: 10    God:    Makhleb [**....]
Gold:   597        SH:  4    Dex: 14    Spells: 7/7 levels left

rFire    + . .     SeeInvis .   a - +0 war axe
rCold    . . .     Gourm    .   w - +0 buckler
rNeg     . . .     Faith    .   A - +0 plate armour
rPois    .         Spirit   .   c - +0 helmet
rElec    .         Reflect  .   (no cloak)
rCorr    .         Harm     .   (no gloves)
MR       .....                  s - +0 pair of boots
Stlth    ..........             (no amulet)
HPRegen  0.20/turn              (no ring)
MPRegen  0.11/turn              (no ring)

@: no status effects
A: claws 2, fire resistance 1, powered by pain 1
a: Minor Destruction, Renounce Religion


You were on level 7 of the Dungeon.
You worshipped Makhleb.
Makhleb was pleased with you.
You were not hungry.

You visited 1 branch of the dungeon, and saw 7 of its levels.
You also visited: Ossuary.

You collected 597 gold pieces.

Inventory:

Hand Weapons
 a - a +0 war axe (weapon)
Missiles
 d - 2 throwing nets
 h - 350 stones
 l - 6 javelins
 p - 14 poisoned darts (quivered)
Armour
 b - a +0 leather armour
 c - a +0 helmet (worn)
 k - a +0 ring mail
 s - a +0 pair of boots (worn)
 w - a +0 buckler (worn)
 x - a +0 scale mail
 A - a +0 plate armour (worn)
Wands
 u - a wand of digging (2)
 F - a wand of paralysis (7)
Scrolls
 g - 5 scrolls of teleportation {unknown}
 i - 2 scrolls of enchant weapon {unknown}
 n - 6 scrolls of remove curse {unknown}
 t - 4 scrolls of blinking {unknown}
 y - a scroll of fog {unknown}
 z - a scroll of random uselessness {unknown}
 B - a scroll of enchant armour {unknown}
 C - a scroll of magic mapping {unknown}
 D - a scroll of noise {unknown}
Potions
 e - a potion of mutation {unknown}
 j - 4 potions of lignification
 m - 8 potions of curing
 o - a potion of ambrosia
 q - a potion of heal wounds
 r - a potion of resistance
 v - 2 potions of might
Comestibles
 f - 10 rations
 E - 6 chunks of flesh


   Skills:
 + Level 3.9 Fighting
 + Level 6.9 Axes
 + Level 3.2 Throwing
 + Level 3.3 Armour
 - Level 2.7 Dodging
 + Level 1.2 Shields


You had 7 spell levels left.
You didn't know any spells.
Your spell library was empty.

Dungeon Overview and Level Annotations

Branches:
Dungeon (7/15)             Temple (0/1) D:6         Ossuary (visited)

Altars:
Cheibriados
Dithmenos
Makhleb
Sif Muna
Wu Jian
Xom
Zin

Annotations:
D:3 exclusion: downstairs


Innate Abilities, Weirdness & Mutations

You have very sharp fingernails.
Your flesh is heat resistant. (rF+)
You sometimes gain a little power by taking damage.


Message History

The ogre shouts!
Found a throwing net and 5 rations.
Throwing (i - inventory. (/) - cycle)
p - 15 poisoned darts (quivered)
Press: ? - help, Shift-Dir - straight line, f - ogre
Aim: an ogre, wielding a +0 giant club You throw a poisoned dart.
The poisoned dart hits the ogre.
The ogre is poisoned.
You slash the ogre!
The ogre is heavily wounded.
The ogre hits you with a +0 giant club!!
Your plate armour prevents you from hitting the ogre.
The ogre is severely wounded.
The ogre hits you with a +0 giant club!
You are too injured to fight recklessly!
You are too injured to fight recklessly!
You are too injured to fight recklessly!
You hit the ogre.
The ogre is severely wounded.
The ogre hits you with a +0 giant club!!
You die...

.....# .###.# ...#
.#.# ...#. #####
.#.#.####### #÷%%#
...#.#.....# #÷§.#
##.#.#.###.#####.O%#
..............##@##
.#.##..###....###.#
.#.##..# #....###.##
.#.##..# +.....###.##
[#.##..# #........÷.#
##.##..#...........##
#.##..#......######
##.##..#......#
.......#......#


You could see an ogre.

Vanquished Creatures
  Duvessa (D:4)
  An ice beast (D:6)
  A necrophage (D:6)
  A bullfrog (D:6)
  Dowan (D:4)
  2 howler monkeys (D:6)
  A crimson imp (D:6)
  A quasit (D:6)
  A bullfrog zombie (D:7)
  A hound (D:6)
  A gnoll shaman (D:7)
  An iguana (D:6)
  Natasha (thrice) (D:4)
  3 worker ants
  2 killer bee zombies
  2 big kobold zombies (Ossuary)
  A hound skeleton (D:3)
  2 mummies (Ossuary)
  An adder (D:3)
  4 gnolls (D:7)
  2 worms
  3 dart slugs
  4 leopard geckos
  2 orcs (D:3)
  A ball python (D:4)
  5 bats
  4 goblins
  7 hobgoblins
  8 jackals
  3 quokkas
  5 frilled lizards
  A gnoll zombie (Ossuary)
  6 goblin zombies (Ossuary)
  4 hobgoblin zombies (Ossuary)
  A jackal skeleton (D:4)
  5 kobolds
  An orc zombie (Ossuary)
  3 rats
96 creatures vanquished.

Notes
Turn   | Place    | Note
-------+----------+-------------------------------------------
     0 | D:1      | Arang the Demonspawn Gladiator began the quest for the Orb.
     0 | D:1      | Reached XP level 1. HP: 16/16 MP: 1/1
   545 | D:1      | Gained mutation: You have sharp fingernails. [demonic
                  | ancestry]
   545 | D:1      | Reached XP level 2. HP: 22/22 MP: 2/2
   610 | D:1      | Reached skill level 3 in Axes
  1499 | D:2      | Found a shimmering blue altar of Sif Muna.
  1674 | D:2      | Found a snail-covered altar of Cheibriados.
  1941 | D:3      | Gained mutation: Your flesh is heat resistant. (rF+)
                  | [demonic ancestry]
  1941 | D:3      | Reached XP level 3. HP: 20/27 MP: 3/3
  1945 | D:3      | Reached skill level 1 in Armour
  2153 | D:3      | Found a burning altar of Makhleb.
  2158 | D:3      | Became a worshipper of Makhleb the Destroyer
  2665 | D:3      | Reached XP level 4. HP: 34/34 MP: 4/4
  2820 | D:4      | Noticed Natasha
  2824 | D:4      | Killed Natasha
  2879 | D:4      | Noticed Duvessa
  2879 | D:4      | Noticed Dowan
  2895 | D:4      | Noticed Natasha
  3196 | D:4      | Killed Duvessa
  3196 | D:4      | Reached skill level 4 in Axes
  3196 | D:4      | Gained mutation: You have very sharp fingernails. [demonic
                  | ancestry]
  3196 | D:4      | Reached XP level 5. HP: 32/39 MP: 5/5
  3210 | D:4      | Killed Dowan
  3210 | D:4      | Reached XP level 6. HP: 26/46 MP: 6/6
  3344 | D:4      | Killed Natasha
  3554 | D:4      | Noticed Natasha
  3558 | D:4      | Killed Natasha
  3894 | D:4      | Reached * piety under Makhleb
  3984 | D:4      | Found a faded altar of an unknown god.
  3984 | D:4      | Found an ornate altar of the Wu Jian Council.
  3989 | D:4      | Found a shimmering altar of Xom.
  3991 | D:4      | Found a glowing silver altar of Zin.
  3992 | D:4      | Found a shadowy altar of Dithmenos.
  4177 | D:5      | Entered Level 5 of the Dungeon
  4269 | D:5      | Found an ornate altar of the Wu Jian Council.
  4410 | D:5      | Reached skill level 5 in Axes
  4637 | D:6      | Found a staircase to the Ecumenical Temple.
  4742 | D:6      | Found a sand-covered staircase.
  4749 | Ossuary  | Entered an ossuary
  5059 | D:6      | Reached XP level 7. HP: 41/52 MP: 7/7
  5194 | D:6      | Reached skill level 6 in Axes
  5745 | D:6      | Reached skill level 1 in Shields
  5959 | D:7      | Reached ** piety under Makhleb
  6045 | D:7      | Gained mutation: You sometimes gain a little power by
                  | taking damage. [demonic ancestry]
  6045 | D:7      | Reached XP level 8. HP: 54/60 MP: 8/8
  6188 | D:7      | Slain by an ogre

Levels and vault maps discovered:
D:1:      mrwooster_arrival_statue_3, layout_rooms,
          wander_ebering_terrifying_dragon_lair
D:2:      layout_loops_ring, nicolae_overflow_crystal_walls,
          lemuel_crystal_altar, corexii_item_surrounded_by_moat
D:3:      layout_basic, first_ration, bloody_makhleb
D:4:      layout_basic, chequers_temple_overflow_minitemple,
          due_unseen_surprise, uniq_natasha, uniq_duvessa
D:5:      layout_cave_pools, basic_altar
D:6:      minmay_spotlight, layout_basic, minmay_temple_entry_gardened_gates,
          chequers_ossuary_entry_cave
D:7:      layout_basic, kennysheep_little_box, grunt_ogre_cave

Skill      XL: |  1  2  3  4  5  6  7 |
---------------+----------------------+-----
Axes           | 3 4 5 6 |  6.9
Throwing       | 2 3 |  3.2
Armour         | 1 2 3 |  3.3
Fighting       | 3 |  3.9
Shields        | 1 |  1.2
Dodging        | |  2.7

Action                   |  1- 3 |  4- 6 |  7- 9 || total
-------------------------+-------+-------+-------++-------
Melee: War axe           |   121 |   131 |   143 ||   395
Throw: Stone             |    25 |       |       ||    25
       Boomerang         |    21 |     7 |       ||    28
       Javelin           |       |     9 |       ||     9
       Throwing net      |       |     3 |       ||     3
       Dart              |       |       |     9 ||     9
Evoke: Wand              |       |     1 |       ||     1
  Use: Scroll            |       |     7 |       ||     7
  Eat: Chunk             |     6 |     3 |     5 ||    14
       Ration            |       |     1 |       ||     1
Armor: Leather armour    |    14 |       |       ||    14
       Ring mail         |    46 |       |       ||    46
       Scale mail        |       |    29 |       ||    29
       Plate armour      |       |    59 |   158 ||   217
Dodge: Dodged            |    90 |    52 |    50 ||   192
Block: Buckler           |     4 |    26 |    43 ||    73

Table legend:
 A = Non-vault XP
 B = Vault XP
 C = Vault XP percentage of total XP
 D = Non-vault monster count
 E = Vault monster count
 F = Vault count percentage of total count
                 A         B        C        D         E       F
            +---------+---------+-------+---------+---------+-------
      Total |    1094 |     436 |  28.5 |      75 |      21 |  21.9
            +---------+---------+-------+---------+---------+-------
        D:1 |      25 |       1 |   3.8 |      15 |       1 |   6.2
        D:2 |      12 |       0 |   0.0 |       6 |       0 |   0.0
        D:3 |      77 |       0 |   0.0 |      23 |       0 |   0.0
        D:4 |      86 |     280 |  76.5 |       9 |       3 |  25.0
        D:5 |      70 |       0 |   0.0 |       4 |       0 |   0.0
        D:6 |     618 |      46 |   6.9 |      10 |       1 |   9.1
        D:7 |     206 |       0 |   0.0 |       8 |       0 |   0.0
    Ossuary |       0 |     109 | 100.0 |       0 |      16 | 100.0
            +---------+---------+-------+---------+---------+-------
